 Dungeon Crawl Stone Soup version 0.30-b1-2-g02819fbbbe (webtiles) character file.

Game seed: 7459736154637124420

2437 funkygono the Cleaver (level 9, -2/78 HPs)
             Began as a Minotaur Fighter on July 24, 2023.
             Was an Initiate of Okawaru.
             Slain by an iguana (10 damage)
             ... on level 7 of the Dungeon on Nov 30, 2023.
             The game lasted 00:09:07 (5842 turns).

funkygono the Cleaver (Minotaur Fighter)            Turns: 5842, Time: 00:09:07

Health: -2/78      AC: 12    Str: 24    XL:     9   Next: 25%
Magic:  8/8        EV: 10    Int:  5    God:    Okawaru [......]
Gold:   355        SH: 10    Dex: 11    Spells: 8/8 levels left

rFire   . . .        a - +0 war axe
rCold   . . .        j - +1 kite shield
rNeg    . . .        b - +0 scale mail
rPois   .            (helmet restricted)
rElec   .            (no cloak)
rCorr   .            (no gloves)
SInv    .            (no boots)
Will    .....        r - amulet of faith Stlth
                     l - +4 ring of protection
HPRegen 0.33/turn    (no ring)
MPRegen 0.11/turn

%: faith
@: no status effects
A: horns 2, retaliatory headbutt
a: Renounce Religion


You were on level 7 of the Dungeon.
You worshipped Okawaru.
Okawaru was noncommittal.
You visited 2 branches of the dungeon, and saw 8 of its levels.

You collected 355 gold pieces.

Inventory:

Hand Weapons
 a - a +0 war axe (weapon)
Missiles
 c - 4 atropa-tipped darts
 e - 32 stones (quivered)
 p - 22 poisoned darts
 s - 6 silver javelins
Armour
 b - a +0 scale mail (worn)
 j - a +1 kite shield (worn)
Jewellery
 l - a +4 ring of protection (left hand)
 r - an amulet of faith (around neck)
 D - a ring of fire
Wands
 m - a wand of roots (8)
 y - a wand of charming (10)
 C - a wand of light (6)
Scrolls
 i - 2 scrolls of fog
 o - 4 scrolls of teleportation
 B - a scroll of summoning
Potions
 d - 2 potions of might
 f - 2 potions of haste
 g - 4 potions of brilliance
 k - 2 potions of heal wounds
 q - 2 potions of mutation {unknown}
 t - a potion of magic {unknown}
 v - a potion of ambrosia {unknown}


   Skills:
 + Level 6.7 Fighting
 + Level 9.8 Axes
 + Level 1.0 Throwing
 + Level 7.4 Armour
 + Level 4.0 Dodging
 + Level 1.0 Stealth
 + Level 6.7 Shields


You had 8 spell levels left.
You didn't know any spells.
Your spell library contained the following spells:

 Spells                   Type           Power      Damage    Failure   Level
 Foxfire                  Conj/Fire      0%         2x1d4     92%         1
 Freeze                   Ice            0%         1d3       92%         1
 Dazzling Flash           Conj/Hex       0%         N/A       100%        3
 Frozen Ramparts          Ice            0%         1d1       100%        3
 Hailstorm                Conj/Ice       0%         3d3       100%        3
 Volatile Blastmotes      Fire/Tloc      0%         2d10      100%        3
 Anguish                  Hex/Necr       0%         N/A       100%        4
 Iskenderun's Mystic Bla  Conj/Tloc      0%         2d3       100%        4
 Fireball                 Conj/Fire      0%         3d3       100%        5
 Plasma Beam              Fire/Air       0%         2x1d11    100%        6
 Starburst                Conj/Fire      0%         6d3       100%        6
 Borgnjor's Revivificati  Necr           0%         N/A       100%        8
 Necromutation            Tmut/Necr      0%         N/A       100%        8
 Death's Door             Necr           0%         N/A       100%        9
 Animate Dead             Necr           Unusable   N/A       N/A         4

Dungeon Overview and Level Annotations

Branches:
Dungeon (7/15)             Temple (1/1) D:7

Altars:
Ashenzari
Cheibriados
Dithmenos
Elyvilon
Fedhas
Gozag
Kikubaaqudgha
Nemelex Xobeh
Okawaru
Qazlal
Ru
Sif Muna
Trog
Vehumet
Wu Jian
Xom
Yredelemnul
Zin


Innate Abilities, Weirdness & Mutations

You have a pair of horns on your head.
You reflexively headbutt those who attack you in melee.


Message History

The iguana is heavily wounded.
You barely miss the komodo dragon. You block the iguana's attack.
The komodo dragon bites you!!
The komodo dragon attacks as you move away!
The komodo dragon barely misses you.
Unknown command.
You closely miss the iguana. You headbutt the iguana.
The iguana is severely wounded.
The iguana hisses menacingly.
You barely miss the komodo dragon. You headbutt the komodo dragon!
The komodo dragon is moderately wounded.
You block the komodo dragon's attack.
You hit the komodo dragon. Your headbutt misses the komodo dragon.
The komodo dragon is heavily wounded.
The komodo dragon bites you!!
* * * LOW HITPOINT WARNING * * *
You hit the komodo dragon.
The komodo dragon is heavily wounded.
The komodo dragon barely misses you.
You hit the komodo dragon. You headbutt the komodo dragon!
The komodo dragon is almost dead.
You block the komodo dragon's attack.
You hit the komodo dragon but do no damage.
You headbutt the komodo dragon.
You kill the komodo dragon!
Okawaru is honoured by your kill.
Your Dodging skill increases to level 4!
Your Stealth skill increases to level 1!
You hit the iguana.
The iguana is almost dead.
You block the iguana's attack.
You hit the iguana but do no damage.
The iguana is almost dead.
You block the iguana's attack.
You slash the iguana!
You kill the iguana!
Okawaru accepts your kill.
You barely miss the iguana. The iguana barely misses you.
You furiously retaliate!
You headbutt the iguana! The iguana bites you!
You die...

#... #.# .# #.##
##.. #.# # # #...P
#.# # #.P.. #.# #.#
#.|..# #.# #.#
#..!.. #.# #.#
#.ll##.# ##.##
#ll@.# #.... ####.#
#..## #.## #..##
##..#### #.)#.
##......#######.#..
+...................
####......######.#..
#..#...# #....
#.###..# #.###


You could see 3 iguanas and a frilled lizard.

Vanquished Creatures
  A komodo dragon (D:7)
  An ice beast (D:5)
  An orc warrior (D:7)
  A sky beast (D:6)
  3 black bears
  2 ogres
  A centaur (D:6)
  2 phantoms
  2 scorpions (D:5)
  3 bullfrogs (D:6)
  A howler monkey (D:6)
  3 hounds
  5 orc priests
  3 jellies
  Jessica (D:3)
  6 iguanas
  5 orc wizards
  8 gnolls
  7 adders
  A shadow imp (D:4)
  A white imp (D:5)
  2 ufetubi
  2 worms
  A dart slug (D:4)
  27 orcs
  3 ball pythons (D:2)
  7 endoplasms
  4 giant cockroaches
  6 goblins
  7 hobgoblins
  6 kobolds
  8 quokkas
  5 bats
  2 frilled lizards
  3 rats
141 creatures vanquished.

Vanquished Creatures (others)
  4 plants (D:7)
4 creatures vanquished.

Grand Total: 145 creatures vanquished

Notes
Turn   | Place    | Note
-------+----------+-------------------------------------------
     0 | D:1      | funkygono the Minotaur Fighter began the quest for the Orb.
     0 | D:1      | Reached XP level 1. HP: 19/19 MP: 0/0
    30 | D:1      | Got the Catalogue of Evil Guile
   262 | D:1      | Reached XP level 2. HP: 27/27 MP: 1/1
   957 | D:2      | Reached XP level 3. HP: 34/34 MP: 2/2
  1141 | D:2      | Reached skill level 3 in Axes
  1447 | D:3      | Reached XP level 4. HP: 41/41 MP: 3/3
  1481 | D:3      | Noticed Jessica
  1489 | D:3      | Killed Jessica
  1727 | D:3      | Reached skill level 4 in Axes
  1894 | D:3      | Reached XP level 5. HP: 45/47 MP: 4/4
  2262 | D:4      | Noticed a black bear
  2272 | D:4      | Killed a black bear
  2273 | D:4      | Reached skill level 1 in Dodging
  2413 | D:4      | Reached skill level 5 in Axes
  2413 | D:4      | Reached XP level 6. HP: 51/53 MP: 5/5
  2672 | D:4      | Found an ornate altar of the Wu Jian Council.
  2803 | D:4      | Reached skill level 5 in Armour
  2834 | D:4      | Identified the +2 spear of Imminent Death {freeze, Str+4}
  2877 | D:4      | Reached skill level 5 in Shields
  3175 | D:5      | Entered Level 5 of the Dungeon
  3235 | D:5      | Reached skill level 6 in Axes
  3238 | D:5      | Reached XP level 7. HP: 59/60 MP: 6/6
  3245 | D:5      | Reached skill level 5 in Fighting
  3264 | D:5      | Reached skill level 7 in Axes
  3664 | D:5      | Reached XP level 8. HP: 68/69 MP: 7/7
  3667 | D:5      | Identified the +9 spear of Loisikk {holy, rN++ rCorr Str+2}
  3885 | D:5      | Reached skill level 1 in Throwing
  4174 | D:6      | Reached skill level 8 in Axes
  4923 | D:6      | Found a glowing silver altar of Zin.
  5069 | D:6      | Reached skill level 9 in Axes
  5368 | D:6      | Reached XP level 9. HP: 78/78 MP: 8/8
  5406 | D:7      | Found a staircase to the Ecumenical Temple.
  5413 | Temple   | Entered the Ecumenical Temple
  5433 | Temple   | Became a worshipper of Warmaster Okawaru
  5819 | D:7      | Noticed a komodo dragon
  5838 | D:7      | Killed a komodo dragon
  5839 | D:7      | Reached skill level 1 in Stealth
  5842 | D:7      | Slain by an iguana

Illustrated notes

Levels and vault maps discovered:
D:1:      eino_arrival_water_star, layout_loops_corners,
          chequers_serial_rivers_small_b
D:2:      layout_basic, grunt_ministairs_5, st_stairs_5,
          nicolae_kite_square_tiling_tiny
D:3:      layout_loops_corners, chequers_serial_rivers_micro_b, uniq_jessica
D:4:      layout_basic, marbit_many_paths
D:5:      layout_rooms, kennysheep_generic_room_6
D:6:      layout_loops_corners, zin_statuary, hangedman_abyss_or_decor_passed,
          chequers_serial_rivers_room_a, hangedman_decor_clover_reticule
D:7:      layout_loops_corners, minmay_temple_entry_stoned_glass,
          minmay_lizard_king
Temple:   nicolae_temple_elliptical

Skill      XL: |  1  2  3  4  5  6  7  8  9 |
---------------+----------------------------+-----
Fighting       | 4 5 6 |  6.7
Armour         | 4 5 7 |  7.4
Shields        | 4 5 6 |  6.7
Axes           | 3 4 5 6 7 9 |  9.8
Dodging        | 1 2 3 4 |  4.0
Throwing       | 1 |  1.0
Stealth        | 1 |  1.0

Action                     |  1- 3 |  4- 6 |  7- 9 || total
---------------------------+-------+-------+-------++-------
  Melee: War axe           |    91 |   115 |   196 ||   402
         Headbutt          |    16 |    23 |    36 ||    75
  Throw: Stone             |     1 |     9 |    16 ||    26
    Use: Scroll            |       |       |    12 ||    12
 Armour: Scale mail        |    45 |    52 |    85 ||   182
  Dodge: Dodged            |    36 |    40 |    79 ||   155
  Block: Buckler           |     3 |       |       ||     3
         Kite shield       |    42 |    41 |    85 ||   168
